 Dungeon Crawl Stone Soup version 0.31-a0-705-ga145531891 (webtiles) character file.

Game seed: 1085435682113651370

181952 dondy the Eclecticist (level 18, 105/105 HPs)
             Began as a Gargoyle Earth Elementalist on Sept 2, 2023.
             Was the Champion of Vehumet.
             Quit the game on level 1 of the Lair of Beasts on Sept 9, 2023.
             The game lasted 02:45:32 (49772 turns).

dondy the Eclecticist (GrEE)                       Turns: 49772, Time: 02:45:33

Health: 105/105    AC: 29    Str: 13    XL:     18   Next: 32%
Magic:  42/42      EV: 10    Int: 29    God:    Vehumet [******]
Gold:   2657       SH:  3    Dex: 10    Spells: 8/57 levels left

rFire   + . .        a - staff of cold
rCold   + + .        l - +0 buckler {AC+3}
rNeg    + . .        J - +2 ring mail {rC+}
rPois   ∞            p - +1 helmet
rElec   +            c - +0 cloak
rCorr   .            g - +0 pair of gloves
SInv    .            (no boots)
Will    +....        e - amulet of the acrobat
Stlth   ++           M - +6 ring of intelligence
HPRegen 0.37/turn    H - ring of protection from fire
MPRegen 0.28/turn

%: acrobat
@: flying
A: sickness immunity, AC +13, big wings, negative energy resistance 1,
electricity resistance, torment resistance 1, petrification resistance
a: Renounce Religion


You were on level 1 of the Lair of Beasts.
You worshipped Vehumet.
Vehumet was exalted by your worship.
You visited 6 branches of the dungeon, and saw 29 of its levels.
You also visited: Sewer and Bailey.

You collected 2839 gold pieces.
You spent 182 gold pieces at shops.

Inventory:

Armour
 c - a +0 cloak (worn)
 g - a +0 pair of gloves (worn)
 l - a +0 buckler of protection (worn)
 p - a +1 helmet (worn)
 J - a +2 ring mail of cold resistance (worn)
Magical Staves
 a - a staff of cold (weapon)
 b - a staff of earth
Jewellery
 e - an amulet of the acrobat (around neck)
 n - the ring of Pujat {Fly rF+ rCorr Str-2}
   (You found it on level 3 of the Swamp)

   [ring of flight]

   Str-2:     It affects your strength (-2).
   rF+:       It protects you from fire.
   Fly:       It grants you flight.
   rCorr:     It protects you from acid and corrosion.
 q - a ring of fire
 s - a ring of see invisible
 H - a ring of protection from fire (right hand)
 M - a +6 ring of intelligence (left hand)
Scrolls
 d - 12 scrolls of teleportation
 h - a scroll of silence
 i - a scroll of revelation
 o - 5 scrolls of fog
 u - a scroll of identify
 x - 4 scrolls of blinking
 G - 3 scrolls of poison
 I - a scroll of fear {unknown}
Potions
 j - 6 potions of haste
 m - 3 potions of cancellation
 r - 3 potions of magic
 v - 2 potions of heal wounds
 z - 3 potions of resistance
 A - 3 potions of brilliance
 C - 14 potions of curing
 F - 2 potions of invisibility
 O - 2 potions of ambrosia {unknown}
 R - 5 potions of enlightenment


   Skills:
 + Level 9.0 Fighting
 - Level 4.0 Armour
 - Level 2.0 Dodging
 - Level 4.0 Stealth
 - Level 20.0 Spellcasting
 - Level 15.0 Conjurations
 - Level 5.0 Summonings
 - Level 0.7 Transmutations
 - Level 5.0 Fire Magic
 - Level 15.0 Ice Magic
 - Level 10.0 Earth Magic


You had 8 spell levels left.
You knew the following spells:

 Your Spells              Type           Power      Damage    Failure   Level
a - Sandblast             Erth           100%       2d20      1%          1
b - Stone Arrow           Conj/Erth      100%       3d13      1%          3
c - Foxfire               Conj/Fire      100%       2x1d9     1%          1
d - Freeze                Ice            100%       1d10      0%          1
e - Ignite Poison         Fire/Tmut/Pois 40%        N/A       1%          3
f - Hailstorm             Conj/Ice       100%       3d20      1%          3
g - Mephitic Cloud        Conj/Pois/Air  55%        N/A       1%          3
h - Inner Flame           Hex/Fire       43%        N/A       1%          3
i - Ozocubu's Refrigerat  Ice            54%        4d19      1%          7
j - Ozocubu's Armour      Ice            100%       N/A       1%          3
k - Fireball              Conj/Fire      36%        3d15      1%          5
l - Frozen Ramparts       Ice            100%       1d16      1%          3
m - Leda's Unmaking       Conj/Erth      40%        9d7       1%          6
n - Spellforged Servitor  Conj/Summ      36%        N/A       14%         7

Your spell library contained the following spells:

 Spells                   Type           Power      Damage    Failure   Level
 Lee's Rapid Deconstruct  Erth           36%        3d18*     1%          5
 Magic Dart               Conj           100%       1d8       0%          1
 Kiss of Death            Conj/Necr      100%       2d13      1%          1
 Call Imp                 Summ           100%       N/A       1%          2
 Momentum Strike          Conj/Tloc      100%       3d10      1%          2
 Passwall                 Tmut/Erth      46%        N/A       1%          2
 Petrify                  Tmut/Erth      56%        N/A       4%          4
 Blink                    Tloc           58%        N/A       6%          2
 Lesser Beckoning         Tloc           58%        N/A       6%          2
 Confusing Touch          Hex            29%        N/A       12%         3
 Gell's Gravitas          Tloc           29%        N/A       12%         3
 Teleport Other           Tloc           29%        N/A       12%         3
 Yara's Violent Unravell  Hex/Tmut       15%        3d8       24%         5
 Simulacrum               Ice/Necr       41%        N/A       26%         6
 Dispel Undead            Necr           29%        3d13      36%         4
 Manifold Assault         Tloc           29%        N/A       36%         4
 Summon Forest            Summ/Tloc      21%        N/A       36%         5
 Eringya's Noxious Bog    Tmut/Pois      15%        4d6       75%         6
 Summon Hydra             Summ           27%        N/A       99%         7
 Enfeeble                 Hex            14%        N/A       100%        7
 Polar Vortex             Ice            54%        12d7*     87%         9


Dungeon Overview and Level Annotations

Branches:
Dungeon (15/15)            Temple (1/1) D:5            Lair (5/5) D:11
  Swamp (3/4) Lair:3        Snake (3/4) Lair:2        Slime (0/5) Lair:4
    Orc (2/2) D:10            Elf (0/3) Orc:2        Vaults (0/5) D:14
 Depths (0/4) D:15          Sewer (visited)          Bailey (visited)

Altars:
Ashenzari
Cheibriados
Dithmenos
Elyvilon
Fedhas
Gozag
Hepliaklqana
Kikubaaqudgha
Makhleb
Nemelex Xobeh
Okawaru
Qazlal
Ru
Sif Muna
Trog
Uskayaw
Vehumet
Wu Jian
Xom
Yredelemnul
Zin
The Shining One
Jiyva

Shops:
D:12 =   Orc:2 =[*(

Portals:
Trove: D:13 (show abyssal rune of Zot)

Annotations:
Snake:3 2 transporters


Innate Abilities, Weirdness & Mutations

You are immune to sickness and miasma.
Your stone body is resilient. (AC +13)
You are immune to poison.
Your large and strong wings let you fly.
You resist negative energy. (rN+)
You are resistant to electric shocks. (rElec)
You are resistant to unholy torment.
You are immune to petrification.


Message History

There is a stone staircase leading down here.
There is a stone staircase leading up here.
You fly upwards.
There is a stone staircase leading down here.
There is a staircase back to the Lair here.
You fly upwards.
Welcome back to the Lair of Beasts!
There is a staircase to the Swamp here.
There is a stone staircase leading up here.
You fly upwards.
There is a stone staircase leading down here.
There is a stone staircase leading up here.
You fly upwards.
There is a stone staircase leading down here.
There is a staircase back to the Dungeon here.
Items here: !!!! ((( )))))) ==== ??????? [[[[[[[[[[[[ ||.
You drop a +4 ring of protection.
You drop a throwing net.
You drop a box of beasts.
You drop a phial of floods.
You drop a potion of might.
You drop a scroll of vulnerability.
You drop a wand of digging (8).
You drop a wand of mindburst (14).
You drop a wand of flame (27).
You drop a wand of charming (24).
You drop a wand of light (13).
You drop 2 scrolls of amnesia.
You drop a wand of polymorph (16).
You drop a phantom mirror.
You drop a wand of roots (22).
Okay, then.
Okay, then.
Welcome back, dondy the Gargoyle Earth Elementalist.
Vehumet says: Let it end in hellfire!
Press ? for a list of commands and other information.
Okay, then.
Welcome back, dondy the Gargoyle Earth Elementalist.
Vehumet says: Let it end in hellfire!
Press ? for a list of commands and other information.
Are you sure you want to abandon this character and quit the game? (Confirm with "yes".)

#......### ##
#......#P###########.
#..#........#........
#....................
##...................
#....................
#....................
##...................
##.@................
###.................
#...................
##...........#..#.##.
#.................>.. #
##................... #####
#................... .##.######
###...................
.........###.#...........#.......


There were no monsters in sight!

Vanquished Creatures
  Mlioglotl (Snake:3)
  2 nagarajas (Snake:2)
  Louise (Snake:1)
  An orc warlord (Orc:2)
  2 very ugly things (D:15)
  Azrael (D:12)
  7 eleionomae
  5 bunyips (Swamp:1)
  An ettin (D:12)
  Snorg (D:14)
  3 shambling mangroves (Swamp:3)
  A yaktaur captain (D:12)
  Fannar (D:11)
  2 salamander tyrants (Snake:2)
  12 hydras
  5 anacondas
  2 catoblepae
  An ogre mage (D:14)
  5 alligators
  3 centaur warriors
  A death knight (D:15)
  4 boulder beetles
  6 two-headed ogres
  12 naga warriors
  3 death yaks
  6 naga sharpshooters
  2 tengu warriors (D:13)
  6 shock serpents
  6 hell knights (D:11)
  2 orc high priests (Orc:2)
  2 skysharks
  Urug (Lair:2)
  A fire crab (shapeshifter) (D:12)
  5 goliath frogs
  2 skeletal warriors (D:14)
  3 spriggan druids
  A glowing orange brain (D:15)
  3 naga ritualists
  2 bog bodies
  4 swamp dragons
  2 phantasmal warriors (D:12)
  3 sea snakes (Snake:3)
  7 orc knights
  4 necromancers (D:11)
  A deep elf pyromancer (Bailey)
  7 mana vipers
  A salamander (shapeshifter) (D:15)
  17 salamanders
  3 manticores
  3 orc sorcerers (Orc:2)
  4 will-o-the-wisps
  17 ugly things
  2 cyclopes
  21 elephants
  A guardian serpent (Snake:3)
  26 black mambas
  5 torpor snails
  A gargoyle (D:10)
  8 naga magi
  13 cane toads
  4 centaur skeletons (D:14)
  An efreet (D:15)
  6 komodo dragons
  8 rime drakes
  A freezing wraith (D:15)
  A kobold demonologist (D:11)
  A bloated husk (Swamp:2)
  A polar bear (shapeshifter) (D:15)
  9 trolls
  4 hornets
  13 polar bears
  8 tyrant leeches
  7 blink frogs (Lair:2)
  2 dream sheep
  2 raiju (Lair:5)
  9 slime creatures
  2 vampires
  A water elemental (D:12)
  3 shadows
  3 spriggans (Swamp:3)
  4 wraiths
  69 yaks
  2 humans (D:8)
  8 wyverns
  10 basilisks
  A steam dragon (D:8)
  4 fire elementals (D:12)
  13 vampire mosquitoes
  12 wargs
  9 swamp worms
  23 hell hounds
  26 nagas
  23 water moccasins
  2 acid dragons
  2 ice beasts
  3 swamp drakes
  2 sky beasts (D:7)
  40 orc warriors
  13 black bears
  A tengu (shapeshifter) (D:14)
  17 wolves (Lair:5)
  A boggart (D:14)
  9 ogres
  7 centaurs
  6 kobold brigands
  33 bullfrogs
  A bullfrog (shapeshifter) (D:15)
  2 scorpions (D:4)
  4 wights (D:7)
  10 killer bees
  6 electric eels
  4 howler monkeys
  A crimson imp (D:5)
  3 jellies
  3 hounds
  19 orc priests
  3 iguanas
  Natasha (thrice) (D:2)
  28 orc wizards
  A sleepcap (D:6)
  4 river rats (Sewer)
  12 adders
  2 ufetubi (D:5)
  2 dart slugs
  3 worms
  85 orcs
  9 ball pythons
  5 bats
  13 endoplasms
  3 giant cockroaches
  6 goblins
  6 hobgoblins
  3 jackals (D:1)
  8 quokkas
  2 frilled lizards (D:1)
  17 kobolds
  28 rats
997 creatures vanquished.

Vanquished Creatures (others)
  2 foxfires (Swamp:3)
2 creatures vanquished.

Grand Total: 999 creatures vanquished

Notes
Turn   | Place    | Note
-------+----------+-------------------------------------------
     0 | D:1      | dondy the Gargoyle Earth Elementalist began the quest for
                  | the Orb.
     0 | D:1      | Reached XP level 1. HP: 10/10 MP: 3/3
   137 | D:1      | Reached XP level 2. HP: 15/15 MP: 1/5
   655 | D:1      | Reached XP level 3. HP: 19/19 MP: 3/6
   659 | D:1      | Learned a level 3 spell: Stone Arrow
   703 | D:2      | Found an opulent altar of Gozag.
   781 | D:2      | Noticed Natasha
   792 | D:2      | Killed Natasha
   793 | D:2      | Reached skill level 3 in Spellcasting
   950 | D:2      | Found a runed translucent door.
   992 | D:2      | Noticed Natasha
   999 | D:2      | Killed Natasha
  1000 | D:2      | Reached skill level 5 in Earth Magic
  1000 | D:2      | Reached XP level 4. HP: 21/24 MP: 3/8
  1418 | D:2      | Noticed Natasha
  1426 | D:2      | Killed Natasha
  1605 | D:3      | Found a shadowy altar of Dithmenos.
  1608 | D:3      | Reached XP level 5. HP: 28/28 MP: 7/10
  1769 | D:3      | Found a hide-covered altar of Uskayaw.
  2426 | D:4      | Found an ancient bone altar of Kikubaaqudgha.
  2575 | D:4      | Noticed an ogre
  2578 | D:4      | Killed an ogre
  2579 | D:4      | Reached skill level 4 in Spellcasting
  2579 | D:4      | Reached XP level 6. HP: 32/32 MP: 7/12
  2844 | D:4      | Reached XP level 7. HP: 7/36 MP: 10/13
  3205 | D:4      | Found a sacrificial altar of Ru.
  3344 | D:5      | Entered Level 5 of the Dungeon
  3490 | D:5      | Found a glowing drain.
  3500 | Sewer    | Entered a sewer
  3784 | Sewer    | Reached skill level 1 in Fighting
  4008 | Sewer    | Reached XP level 8. HP: 33/48 MP: 7/14
  4431 | D:5      | Found a broken altar of Ashenzari.
  4448 | D:5      | Found a blossoming altar of Fedhas.
  4825 | D:5      | Found a staircase to the Ecumenical Temple.
  4834 | Temple   | Entered the Ecumenical Temple
  5194 | D:5      | Found a shimmering altar of Xom.
  5196 | D:5      | Found a burning altar of Makhleb.
  5440 | D:6      | Reached skill level 10 in Earth Magic
  5700 | D:6      | Found a hazy altar of Hepliaklqana.
  5769 | D:6      | Noticed a yak
  5771 | D:6      | Noticed a yak
  5782 | D:6      | Killed a yak
  5783 | D:6      | Reached skill level 5 in Spellcasting
  5840 | D:6      | Noticed a yak
  5840 | D:6      | Noticed a yak
  5840 | D:6      | Noticed a yak
  5865 | D:6      | Killed a yak
  5866 | D:6      | Reached XP level 9. HP: 52/52 MP: 6/17
  6233 | D:6      | Found a shimmering blue altar of Sif Muna.
  6254 | D:6      | Reached skill level 6 in Spellcasting
  6381 | D:5      | Reached skill level 7 in Spellcasting
  6647 | D:6      | Found a bloodstained altar of Trog.
  6654 | D:6      | Found a stormy altar of Qazlal.
  7111 | D:6      | Found a hazy altar of Hepliaklqana.
  7186 | D:6      | Found a stormy altar of Qazlal.
  7187 | D:6      | Found a shimmering blue altar of Sif Muna.
  7193 | D:6      | Found a bloodstained altar of Trog.
  7699 | D:7      | Reached skill level 8 in Spellcasting
  7781 | D:7      | Reached skill level 5 in Conjurations
  8442 | D:7      | Found a radiant altar of Vehumet.
  8446 | D:7      | Became a worshipper of Vehumet
  8540 | D:7      | Reached XP level 10. HP: 36/56 MP: 12/22
  8733 | D:7      | Found an ornate altar of the Wu Jian Council.
  8841 | D:7      | Found a glowing silver altar of Zin.
  9387 | D:7      | Reached skill level 9 in Spellcasting
  9666 | D:7      | Found a white marble altar of Elyvilon.
 10119 | D:8      | Identified the ring "Hiejiep" {+Blink Dex+6}
 10166 | D:8      | Reached skill level 10 in Spellcasting
 10410 | D:8      | Found a sparkling altar of Nemelex Xobeh.
 10455 | D:8      | Found a snail-covered altar of Cheibriados.
 10486 | D:8      | Found an iron altar of Okawaru.
 11045 | D:9      | Found a glowing golden altar of the Shining One.
 11085 | D:9      | You fall into a shaft and drop 1 floor!
 11085 | D:10     | Entered Level 10 of the Dungeon
 11188 | D:10     | Reached * piety under Vehumet
 11188 | D:10     | Offered knowledge of Foxfire by Vehumet.
 11191 | D:10     | Learned a level 1 spell: Foxfire
 11443 | D:9      | Found a flagged portal.
 11462 | Bailey   | Entered a bailey
 11715 | Bailey   | Noticed an orc knight
 11806 | Bailey   | Killed an orc knight
 11807 | Bailey   | Reached XP level 11. HP: 37/61 MP: 12/25
 11809 | Bailey   | HP: 3/61 [orc warrior/+0 trident (10)]
 11811 | Bailey   | Reached skill level 10 in Conjurations
 12065 | Bailey   | Found a large runed translucent door.
 12065 | Bailey   | Found a large runed translucent door.
 12066 | Bailey   | Noticed a deep elf pyromancer
 12138 | Bailey   | Killed a deep elf pyromancer
 12139 | Bailey   | Reached skill level 5 in Fighting
 12196 | Bailey   | Got Sif Muna's Lectures on Boreal Transposition
 12736 | D:9      | Offered knowledge of Freeze by Vehumet.
 12739 | D:9      | Learned a level 1 spell: Freeze
 12866 | D:10     | Reached ** piety under Vehumet
 12983 | D:10     | Identified the +7 flail of Ubeopida {flame, Contam +Blink
                  | rPois Dex+5}
 13101 | D:10     | Reached skill level 1 in Armour
 13213 | D:10     | Found a basalt altar of Yredelemnul.
 13807 | D:10     | Offered knowledge of Ignite Poison by Vehumet.
 13951 | D:10     | Learned a level 3 spell: Ignite Poison
 14003 | D:10     | Noticed a two-headed ogre
 14012 | D:10     | Killed a two-headed ogre
 14290 | D:10     | Found a staircase to the Orcish Mines.
 14440 | D:11     | Noticed a cyan ugly thing
 14443 | D:11     | Killed a cyan ugly thing
 14754 | D:11     | Found a staircase to the Lair.
 14764 | D:11     | Reached *** piety under Vehumet
 15084 | D:11     | Noticed a cyclops
 15088 | D:11     | Killed a cyclops
 15155 | D:11     | Noticed Fannar
 15170 | D:11     | Killed Fannar
 15171 | D:11     | Reached skill level 11 in Spellcasting
 15171 | D:11     | Reached XP level 12. HP: 44/73 MP: 12/27
 15280 | D:11     | Learned a level 3 spell: Hailstorm
 15370 | D:11     | Learned a level 3 spell: Mephitic Cloud
 15533 | D:11     | Noticed a boulder beetle
 15742 | D:11     | Killed a boulder beetle
 15742 | D:11     | Offered knowledge of Inner Flame by Vehumet.
 15747 | D:11     | Learned a level 3 spell: Inner Flame
 16024 | D:11     | Noticed a hell knight
 16338 | D:12     | Noticed a two-headed ogre
 16357 | D:12     | Killed a two-headed ogre
 16358 | D:12     | Reached skill level 12 in Spellcasting
 16571 | D:12     | Found Apluff Irru's Jewellery Emporium.
 16703 | D:12     | Noticed Azrael
 16789 | Lair:1   | Entered Level 1 of the Lair of Beasts
 16871 | Lair:1   | Noticed a death yak
 16886 | Lair:1   | Killed a death yak
 17301 | Lair:1   | Reached skill level 13 in Spellcasting
 17545 | Lair:1   | Reached skill level 1 in Ice Magic
 17637 | Lair:1   | Noticed a four-headed hydra
 17639 | Lair:1   | Noticed a death yak
 17782 | Lair:1   | Killed a death yak
 17964 | Lair:1   | Killed a four-headed hydra
 18332 | Lair:1   | Learned a level 7 spell: Ozocubu's Refrigeration
 18336 | Lair:1   | Learned a level 3 spell: Ozocubu's Armour
 18440 | Lair:2   | Noticed a seven-headed hydra
 18565 | Lair:2   | Reached **** piety under Vehumet
 18678 | Lair:2   | Reached XP level 13. HP: 78/78 MP: 25/30
 18768 | Lair:2   | Noticed Urug
 18776 | Lair:2   | Killed Urug
 18947 | Lair:2   | Offered knowledge of Fireball by Vehumet.
 18948 | Lair:2   | Reached skill level 5 in Ice Magic
 18957 | Lair:2   | Reached skill level 14 in Spellcasting
 19262 | Lair:2   | Learned a level 5 spell: Fireball
 19385 | Lair:2   | Found a staircase to the Snake Pit.
 19404 | Lair:2   | Learned a level 3 spell: Frozen Ramparts
 20759 | Lair:2   | Reached skill level 10 in Ice Magic
 21332 | Lair:2   | Reached ***** piety under Vehumet
 21348 | Lair:2   | Gained mutation: Your large and strong wings let you fly.
                  | [Gargoyle growth]
 21348 | Lair:2   | Reached XP level 14. HP: 75/84 MP: 17/32
 21984 | D:2      | Noticed Crazy Yiuf
 21989 | D:2      | Crazy Yiuf changed into Crazy Yiuf the dart slug
 21989 | D:2      | Noticed Crazy Yiuf
 21991 | D:2      | Killed Crazy Yiuf the dart slug
 22244 | Lair:1   | Upgraded the game from 0.31-a0-664-g902f515a81 to
                  | 0.31-a0-667-g39726597b9
 22332 | Lair:3   | Noticed an eleionoma
 22332 | Lair:3   | Found a staircase to the Swamp.
 22342 | Lair:3   | Killed an eleionoma
 22343 | Lair:3   | Reached skill level 15 in Spellcasting
 22539 | Lair:3   | Identified the +1 robe "Neiho" {MP+9 Slay+5}
 22651 | Lair:3   | Reached skill level 1 in Fire Magic
 22670 | Lair:2   | Offered knowledge of Leda's Unmaking by Vehumet.
 22678 | Lair:2   | Learned a level 6 spell: Leda's Unmaking
 24274 | Lair:3   | Found a staircase to the Swamp.
 24551 | Lair:4   | Identified the +9 long sword of the Endless Expanse
                  | {freeze, Int+2}
 25289 | Lair:4   | Reached skill level 5 in Fire Magic
 25452 | Lair:4   | Found a viscous altar of Jiyva.
 25453 | Lair:4   | Found a staircase to the Slime Pits.
 25780 | Lair:5   | Entered Level 5 of the Lair of Beasts
 26314 | Lair:5   | Offered knowledge of Sticky Flame by Vehumet.
 27615 | Lair:5   | Reached XP level 15. HP: 88/88 MP: 9/34
 28614 | Lair:5   | Reached skill level 16 in Spellcasting
 29023 | Lair:5   | Identified the +2 chain mail of Misanthropy {+Blink}
 29409 | Orc:1    | Entered Level 1 of the Orcish Mines
 29431 | Orc:1    | Offered knowledge of Conjure Ball Lightning by Vehumet.
 29922 | Orc:2    | Entered Level 2 of the Orcish Mines
 30639 | Orc:2    | Found a staircase to the Elven Halls.
 30762 | Orc:2    | Noticed an orc warlord
 30768 | Orc:2    | Killed an orc warlord
 30934 | Orc:2    | Found Hoapn's Jewellery Shop.
 31108 | Orc:2    | Found Serap's Antique Weapon Shop.
 31569 | Orc:2    | Found Athos's General Store.
 31576 | Orc:2    | Bought a scroll of identify for 34 gold pieces
 31576 | Orc:2    | Bought a scroll of identify for 34 gold pieces
 31586 | Orc:2    | Found Arag's Antique Armour Shop.
 31594 | Orc:2    | Bought a glowing robe for 114 gold pieces
 32313 | D:12     | Killed Azrael
 32651 | D:12     | Offered knowledge of Plasma Beam by Vehumet.
 33003 | D:12     | Reached skill level 17 in Spellcasting
 34623 | D:13     | Found a portal to a secret trove of treasure.
 35190 | D:14     | Noticed Snorg
 35200 | D:14     | Reached XP level 16. HP: 93/93 MP: 20/37
 35274 | D:14     | Killed Snorg
 36355 | D:14     | Found a gate to the Vaults.
 36675 | D:15     | Entered Level 15 of the Dungeon
 37074 | D:15     | Reached skill level 18 in Spellcasting
 37466 | D:15     | Offered knowledge of Spellforged Servitor by Vehumet.
 37475 | D:15     | Learned a level 7 spell: Spellforged Servitor
 38157 | D:15     | Found a staircase to the Depths.
 38673 | D:11     | Reached skill level 15 in Ice Magic
 39136 | Swamp:1  | Entered Level 1 of the Swamp
 41218 | Swamp:2  | Reached skill level 19 in Spellcasting
 41612 | Swamp:2  | Reached XP level 17. HP: 97/97 MP: 34/40
 42279 | Snake:1  | Entered Level 1 of the Snake Pit
 42747 | Snake:1  | Noticed Louise
 42751 | Snake:1  | Killed Louise
 45423 | Snake:2  | Reached skill level 20 in Spellcasting
 45567 | Snake:2  | Reached ****** piety under Vehumet
 46292 | Snake:2  | Offered knowledge of Lee's Rapid Deconstruction by Vehumet.
 46853 | Snake:3  | Noticed Mlioglotl
 46856 | Snake:3  | Noticed a lich
 46859 | Snake:3  | Killed Mlioglotl
 47204 | Snake:3  | Found a transporter.
 47557 | Snake:3  | Found a transporter.
 47578 | Snake:3  | Reached XP level 18. HP: 103/103 MP: 18/42
 47748 | Snake:3  | Reached skill level 15 in Conjurations
 47811 | Snake:3  | Reached skill level 1 in Summonings
 48932 | Swamp:3  | Reached skill level 5 in Summonings
 49161 | Swamp:3  | Identified the ring of Pujat {Fly rF+ rCorr Str-2}
 49772 | Lair:1   | Upgraded the game from 0.31-a0-667-g39726597b9 to
                  | 0.31-a0-691-g409c26aa35
 49772 | Lair:1   | Upgraded the game from 0.31-a0-691-g409c26aa35 to
                  | 0.31-a0-705-ga145531891
 49772 | Lair:1   | Quit the game

Illustrated notes

Levels and vault maps discovered:
D:1:      lemuel_arrival_behind_the_door_large, layout_rooms
D:2:      layout_loops_cross, basic_altar, roderic_lattice_a, uniq_natasha,
          uniq_crazy_yiuf_cottage
D:3:      layout_basic, overflow_temple_1_default,
          grunt_dithmenos_smoke_and_mirrors, item_on_display_a
D:4:      layout_basic, nicolae_ru_awakened_eye, kennysheep_little_box,
          hangedman_minor_gate_pass
D:5:      layout_basic, grunt_temple_overflow_champion_of_chaos,
          grunt_temple_overflow_open, lemuel_temple_firewalk_b,
          cheibrodos_sewer_entry_bend
D:6:      layout_basic, nicolae_overflow_macrodata_refinement
D:7:      layout_layer_cave, zin_academy, vehumet_crystals,
          pdpol_wu_jian_five_deadly_venoms, general_overflow_altar,
          ldierk_geyser
D:8:      layout_basic, okawaru_humans, mainiacjoe_overflow_alcove_2,
          nemelex_diamond_rough_becter, kennysheep_nub, nicolae_wand_duel,
          grunt_decor_one_mirror
D:9:      layout_roguey, tso_metal_star, enter_bailey_1
D:10:     layout_basic, yredelemnul_altar_generic, erik_orc_1
D:11:     layout_loops_ring, minmay_lair_entry_grove, minmay_rotating_lava,
          uniq_fannar
D:12:     cross_vault, layout_stronghold, serial_shops, nicolae_shop_crystal,
          uniq_azrael
D:13:     layout_long_grid, nicolae_trove_entry_diagonal
D:14:     layout_loops_cross, hangedman_vaults_entry_quadrant_bands, uniq_snorg
D:15:     gammafunk_enter_depths_forms, layout_cave_pools,
          minmay_misc_feat_cross
Temple:   ebering_the_one_and_only
Lair:1:   layout_gridlike, hangedman_lair_generics_rect, serial_bayou_shore_b
Lair:2:   nzn_winding_woodlands_huge [nzn_winding_woodlands_5x15_longhouse,
          nzn_winding_woodlands_5x15_eye,
          nzn_winding_woodlands_5x15_lazy_stream,
          nzn_winding_woodlands_5x15_crooked, nzn_winding_woodlands_5x15_cabin,
          nzn_winding_woodlands_5x15_parted,
          nzn_winding_woodlands_5x15_river_crossing,
          nzn_winding_woodlands_5x15_jagged,
          nzn_winding_woodlands_5x15_pathside_ponds,
          nzn_winding_woodlands_5x15_default,
          nzn_winding_woodlands_center_diamonds,
          nzn_winding_woodlands_center_pierced_h,
          nzn_winding_woodlands_15x15_boxy_spiral], layout_chaotic_city,
          dummy_snake_entry, gauntlet_entry_generic, st_stairs_7, uniq_urug
Lair:3:   layout_small_grid, alex1729_swamp_entry_worm_eleionoma,
          chequers_serial_rivers_large_b
Lair:4:   layout_big_grid, nicolae_slime_entry_slimehenge
Lair:5:   hangedman_lair_caniforms_friends, layout_regular_city,
          nicolae_lair_grazing_beasts [nicolae_sub_lair_graze_edge,
          nicolae_sub_lair_graze_edge, nicolae_sub_lair_graze_edge,
          nicolae_sub_lair_graze_edge]
Swamp:1:  layout_basic_swamp, evilmike_swamp_ruin_rubble_1, swamp_pool1,
          hangedman_swamp_blocks
Swamp:2:  layout_basic_swamp, evilmike_swamp_ruin_house_2
Swamp:3:  layout_falls_marsh, hangedman_swamp_ruin_wall
Snake:1:  layout_chambers, grunt_ministairs_14, uniq_louise
Snake:2:  layout_misc_corridors, grunt_megastairs_4
Snake:3:  gammafunk_its_a_trap, layout_basic, uniq_mlioglotl
Orc:1:    layout_caves, nicolae_orc_flooded_monolith
Orc:2:    grunt_orc_cross, layout_diamond_mine

Skill      XL: |  1  2  3  4  5  6  7  8  9 10 11 12 13 14 15 16 17 18 |
---------------+-------------------------------------------------------+-----
Earth Magic    | 4 5 6 8 10 | 10.0
Spellcasting   | 3 4 5 8 10 11 13 14 15 17 19 20 | 20.0
Conjurations   | 4 6 9 10 11 14 15 | 15.0
Fighting       | 3 4 8 9 |  9.0
Dodging        | 2 |  2.0
Stealth        | 4 |  4.0
Armour         | 4 |  4.0
Ice Magic      | 4 10 12 14 15 | 15.0
Fire Magic     | 5 |  5.0
Summonings     | 5 |  5.0
Transmutations | |  0.7

Action                     |  1- 3 |  4- 6 |  7- 9 | 10-12 | 13-15 | 16-18 || total
---------------------------+-------+-------+-------+-------+-------+-------++-------
  Melee: Whip              |       |       |    21 |       |       |       ||    21
         Staff             |       |       |       |       |       |     1 ||     1
  Throw: Dart              |       |       |       |    21 |       |       ||    21
   Cast: Sandblast         |    36 |    61 |   126 |    70 |    13 |     3 ||   309
         Stone Arrow       |       |       |    48 |   295 |   377 |    63 ||   783
         Ignite Poison     |       |       |       |     4 |       |       ||     4
         Mephitic Cloud    |       |       |       |     9 |     9 |       ||    18
         Hailstorm         |       |       |       |     6 |    70 |       ||    76
         Fireball          |       |       |       |       |    22 |     1 ||    23
         Frozen Ramparts   |       |       |       |       |    23 |     2 ||    25
         Freeze            |       |       |       |       |     7 |       ||     7
         Ozocubu's Armour  |       |       |       |       |     5 |     1 ||     6
         Leda's Unmaking   |       |       |       |       |    75 |    63 ||   138
         Ozocubu's Refrige |       |       |       |       |    86 |   339 ||   425
  Evoke: Wand              |       |       |       |    12 |       |     1 ||    13
    Use: Scroll            |       |       |       |    13 |     9 |     3 ||    25
 Armour: Robe              |     5 |    19 |   104 |     3 |       |       ||   131
         Leather armour    |       |       |       |    50 |       |       ||    50
         Ring mail         |       |       |       |    34 |   279 |   135 ||   448
  Dodge: Dodged            |     4 |    14 |    99 |    52 |   181 |   100 ||   450
  Block: Buckler           |       |       |       |       |    27 |    16 ||    43

Table legend: (Time is in decaauts)
 A = Elapsed time spent in this place.
 B = Non-inter-level travel time spent in this place.
 C = Inter-level travel time spent in this place.
 D = Time resting spent in this place.
 E = Time spent auto-exploring this place.
 F = Levels seen in this place.
 G = Mean time per level.
                   A        B        C        D        E       F      G
               +--------+--------+--------+--------+--------+-----+--------+
         Total |  50131 |  47510 |   2621 |  21681 |  19276 |  31 | 1617.1 |
       Dungeon |  23411 |  21991 |   1420 |   8287 |  10660 |  15 | 1560.7 |
        Temple |      5 |      5 |      0 |      0 |      0 |   1 |    5.0 |
          Lair |  12977 |  12210 |    767 |   6323 |   4145 |   5 | 2595.4 |
         Swamp |   3938 |   3746 |    192 |   2168 |   1210 |   3 | 1312.7 |
     Snake Pit |   5965 |   5812 |    153 |   3285 |   2049 |   3 | 1988.3 |
  Orcish Mines |   2210 |   2122 |     88 |    904 |    936 |   2 | 1105.0 |
         Sewer |    838 |    838 |      0 |    325 |    189 |   1 |  838.0 |
        Bailey |    783 |    783 |      0 |    388 |     86 |   1 |  783.0 |
               +--------+--------+--------+--------+--------+-----+--------+

Top non-repeatable levels by time:
  Lair:2: 3959 daAuts
  Lair:5: 3191 daAuts
    D:11: 2604 daAuts
 Snake:1: 2462 daAuts
  Lair:3: 2396 daAuts
     D:6: 2367 daAuts
    D:10: 2244 daAuts
 Snake:2: 2091 daAuts
    D:14: 1997 daAuts
    D:12: 1988 daAuts
  Lair:1: 1936 daAuts
     D:7: 1848 daAuts
    D:13: 1782 daAuts
 Swamp:1: 1629 daAuts
 Swamp:2: 1610 daAuts
